 Dungeon Crawl Stone Soup version 0.20-a0-972-gb9bd3e6 (webtiles) character file.

180833 Duffy the Cleaver (level 17, 0/134 HPs)
             Began as a Bultungin Fighter on Apr 9, 2017.
             Was the Champion of Makhleb.
             Killed by vampiric draining
             ... invoked by a deep elf death mage
              (2 damage)
             ... on level 1 of the Elven Halls.
             The game lasted 01:01:16 (36940 turns).

Duffy the Cleaver (Bultungin Fighter)              Turns: 36940, Time: 01:01:17

Health: 0/134      AC: 34    Str: 25    XL:     17   Next: 93%
Magic:  25/25      EV: 12    Int:  8    God:    Makhleb [******]
Gold:   2044       SH: 29    Dex:  9    Spells: 16/16 levels left

rFire    + . .     SeeInvis +   a - +7 war axe (chop)
rCold    + . .     Gourm    .   I - +8 large shield
rNeg     . . .     Faith    .   M - +7 plate armour "Bomnodee" {rPois Dex-2 Stlth+}
rPois    +         Spirit   .   X - +2 helmet
rElec    +         Reflect  +   Z - scarf {repulsion}
rCorr    .         Harm     .   R - +0 pair of gloves
MR       ++...                  y - +2 pair of boots
Stlth    ..........             w - amulet "Feir" {Reflect rElec rF+ rC+ MR+ SH+3}
Regen    0.4/turn               T - +4 ring of evasion
MPRegen  0.2/turn               j - ring of protection from magic

@: heavily drained, repel missiles
A: short attention span, fangs 1, molten scales 1, yellow scales 1, see
invisible, clumsy 1, high mp 1, strong 1, strong nose
}: 1/15 runes: gossamer
a: Minor Destruction, Lesser Servant of Makhleb, Major Destruction, Greater
Servant of Makhleb, Renounce Religion


You were on level 1 of the Elven Halls.
You worshipped Makhleb.
Makhleb was exalted by your worship.
You were not hungry.

You visited 5 branches of the dungeon, and saw 29 of its levels.
You also visited: Labyrinth, Sewer, Ossuary and Ice Cave.

You collected 3395 gold pieces.
You spent 1351 gold pieces at shops.

Inventory:

Hand Weapons
 a - a +7 war axe of chopping (weapon)
 c - a +1 broad axe of protection
 v - a +6 blowgun
Missiles
 l - 7 curare-tipped needles
 t - 3 throwing nets (quivered)
Armour
 y - a +2 pair of boots (worn)
 I - a +8 large shield (worn)
 M - the +7 plate armour "Bomnodee" (worn) {rPois Dex-2 Stlth+}
   (You found it on level 1 of the Lair of Beasts)

   It affects your dexterity (-2).
   It protects you from poison.
   It makes you more stealthy.
 R - a +0 pair of gloves (worn)
 X - a +2 helmet (worn)
 Z - a scarf of repulsion (worn)
Jewellery
 j - a ring of protection from magic (right hand)
 p - an uncursed ring of resist corrosion
 w - the amulet "Feir" (around neck) {Reflect rElec rF+ rC+ MR+ SH+3}
   (You found it on level 6 of the Lair of Beasts)

   [amulet of reflection]

   It shields you and reflects attacks.
   It protects you from fire.
   It protects you from cold.
   It insulates you from electricity.
   It affects your resistance to hostile enchantments.
   It affects your SH (+3).
 z - an uncursed ring of positive energy
 T - a +4 ring of evasion (left hand)
Wands
 f - a wand of confusion (36/48)
 h - a wand of iceblast (5/15)
 F - a wand of iceblast (5/15)
 L - a wand of disintegration (15/24)
 N - a wand of clouds (4/9)
 P - a wand of clouds (4/9)
 U - a wand of enslavement (13/24)
 V - a wand of polymorph (10/24)
 W - a wand of paralysis (8/24)
Scrolls
 g - 18 scrolls of remove curse
 k - 5 scrolls of magic mapping
 q - 11 scrolls of teleportation
 r - 2 scrolls of immolation
 B - 4 scrolls of blinking
 C - 4 scrolls of fog
 D - 2 scrolls of enchant weapon
 J - 7 scrolls of fear
 K - a scroll of recharging
Potions
 d - 6 potions of might
 m - a potion of berserk rage
 o - 5 potions of heal wounds
 x - 5 potions of invisibility
 A - 4 potions of curing
 E - 4 potions of haste
 G - 6 potions of flight
 O - 5 potions of mutation
 Q - 5 potions of ambrosia
 Y - 2 potions of cancellation
Miscellaneous
 b - a box of beasts
 e - a lamp of fire
 H - a phial of floods
Comestibles
 i - 3 meat rations
 n - 29 fruits
 s - 24 royal jellies
 S - 6 bread rations


   Skills:
 + Level 12.3(10.2) Fighting
 + Level 12.4(10.3) Axes
 + Level 12.4(10.3) Armour
 - Level 11.0(9.0) Dodging
 + Level 12.2(10.2) Shields
 - Level 8.0(6.1) Invocations
 - Level 8.0(6.1) Evocations


You had 16 spell levels left.
You didn't know any spells.

Dungeon Overview and Level Annotations

Branches:
Dungeon (15/15)            Temple (0/1) D:5            Lair (6/6) D:8
 Shoals (0/4) Lair:4       Spider (4/4) Lair:4        Slime (0/5) Lair:5
    Orc (2/2) D:11            Elf (2/3) Orc:2        Vaults (0/5) D:13
 Depths (0/5) D:15

Altars:
Cheibriados
Dithmenos
Fedhas
Gozag
Hepliaklqana
Makhleb
Okawaru
Qazlal
Ru
Vehumet
Xom
The Shining One
Beogh

Shops:
D:4 (   D:10 !}   D:15 =   Orc:2 *}}(

Annotations:
D:15 exclusion: door
Lair:4 exclusion: oklob plant
Lair:6 exclusion: 4 oklob plants


Innate Abilities, Weirdness & Mutations

You have a short attention span.
You have very sharp teeth.
You have supernaturally acute eyesight. (SInv)
Your uncanny sense of smell can sniff out nearby items.
You are partially covered in molten scales. (AC +2)
You are partially covered in yellow scales. (AC +2)
You are clumsy. (Dex -2)
You have an increased reservoir of magic. (+10% MP)
Your muscles are strong. (Str +2)


Message History

The redback's corpse disappears in a puff of smoke!
You closely miss the deep elf mage. You hit the deep elf archer.
You block the deep elf archer's attack. You block the deep elf mage's attack.
The deep elf death mage is infused with unholy energy.
The deep elf death mage draws life force from you and is healed!
You block the orange demon's attack.
You block the ghostly deep elf mage's attack.
You slice the deep elf archer!!
The lost soul assumes the form of the deep elf archer and becomes anchored to this world!
Your plate armour "Bomnodee" prevents you from hitting the deep elf mage.
You slash the deep elf death mage!
You closely miss the ghostly deep elf mage.
You block the ghostly deep elf archer's attack.
The deep elf archer unwields an uncursed short sword.
The deep elf archer wields an uncursed shortbow.
The deep elf archer shoots an arrow.
You reflect the arrow off an invisible shield around you!
The arrow hits the deep elf archer!
You block the deep elf mage's attack.
The deep elf death mage is infused with unholy energy.
You die...

{ . #. ...... #. (.....
+# # ##'####.(.....
.#e#.
##[....(......#########
#.............#).......
#.......e.....#.<).....
#..4.e....#..#.E......
#...@e..##..#.0......
##.e0e.###..#........
###''####..#########
#.....'.....#.#.#.
#..####.....#'#+#'
#..#######''#.#...
#(................
##.#######........ #.#
#...#####


You could see a deep elf death mage, an orange demon, a deep elf archer, a
ghostly deep elf archer, a deep elf mage and a ghostly deep elf mage.

Vanquished Creatures
  4 ghost moths (Spider:4)
  An orc warlord (D:11)
  5 emperor scorpions (Spider:4)
  A deep elf elementalist (Elf:2)
  A stone giant (Orc:1)
  3 entropy weavers
  A dire elephant (Lair:6)
  A deep elf annihilator (Elf:1)
  A minotaur (Lab)
  A deep elf death mage (Elf:1)
  A vault guard (D:13)
  5 hydras
  A centaur warrior (D:15)
  3 two-headed ogres
  9 death yaks
  2 dancing weapons
  An orc high priest (Orc:2)
  Sonja (D:12)
  2 deep elf knights (Elf:1)
  An unseen horror (D:15)
  2 orc knights (D:15)
  14 orb spiders
  17 deep elf magi
  15 ugly things
  3 orc sorcerers (Orc:2)
  5 cyclopes
  4 manticores
  28 wolf spiders
  2 black mambas
  4 elephants
  A gargoyle (D:11)
  6 spiny frogs
  2 kobold demonologists (D:12)
  A rime drake (Lair:3)
  10 demonic crawlers
  3 komodo dragons
  A queen bee (shapeshifter) (D:15)
  An efreet (D:13)
  A queen bee (Lair:3)
  24 jumping spiders
  3 meliai (D:14)
  A wind drake (shapeshifter) (D:14)
  4 polar bears
  10 trolls
  13 blink frogs
  5 hornets
  9 slime creatures (D:13)
  14 hippogriffs
  9 dream sheep
  A shadow (D:15)
  71 redbacks
  32 tarantellas
  A water elemental (Elf:1)
  64 yaks
  3 wraiths
  2 fire elementals (Elf:1)
  7 wyverns
  19 hungry ghosts
  7 basilisks
  A hog (shapeshifter) (D:15)
  9 vampire mosquitoes
  3 wargs
  2 acid dragons
  16 water moccasins
  4 porcupines
  5 sky beasts
  3 black bears
  26 orc warriors
  3 ice beasts
  A phantom (D:9)
  A necrophage (D:3)
  12 ogres
  40 wolves
  5 centaurs
  3 big kobolds
  19 crocodiles
  A gnoll sergeant (D:5)
  17 bullfrogs
  2 water moccasin zombies
  An earth elemental (Elf:2)
  A wyvern skeleton (D:14)
  4 scorpions
  49 killer bees
  8 wights
  3 electric eels
  A howler monkey (D:10)
  6 crimson imps
  4 centaur zombies
  A quasit (D:10)
  39 orc wizards
  2 bullfrog zombies
  10 hounds
  6 jellies
  27 orc priests
  2 human zombies (Ossuary)
  A bullfrog skeleton (D:7)
  7 centaur skeletons
  6 iguanas
  Terence (D:3)
  2 hell rats (Lair:3)
  11 worker ants
  3 big kobold zombies (Ossuary)
  2 hound zombies
  2 hound skeletons
  2 mummies (Ossuary)
  2 worker ant zombies (D:7)
  Robin (D:4)
  7 gnolls
  7 river rats (D:6)
  9 adders
  A shadow imp (D:9)
  5 oozes
  2 adder zombies
  An adder skeleton (D:3)
  2 worms (D:2)
  2 dart slugs (D:1)
  6 leopard geckos
  77 orcs
  6 ball pythons
  6 giant cockroaches
  17 goblins
  9 hobgoblins
  11 jackals
  14 quokkas
  8 bats
  6 frilled lizards
  2 goblin zombies (Ossuary)
  11 hobgoblin zombies (Ossuary)
  15 kobolds
  12 kobold zombies (Ossuary)
  A leopard gecko skeleton (D:5)
  6 orc zombies (Ossuary)
  A quokka zombie (D:6)
  22 rats
  4 fungi
  6 plants
1117 creatures vanquished.

Vanquished Creatures (collateral kills)
  An emperor scorpion (Spider:4)
  Snorg (D:10)
  4 hydras
  A catoblepas (Lair:6)
  A death knight (D:7)
  5 death yaks
  A dancing weapon (Elf:2)
  A deep troll shaman (Lair:6)
  2 two-headed ogres
  A deep elf archer (Elf:1)
  An orc knight (Orc:2)
  4 wolf spiders
  3 orb spiders
  2 orc sorcerers (Orc:2)
  6 deep elf magi
  4 elephants (Lair:6)
  Maurice (D:8)
  A black mamba (Lair:6)
  A komodo dragon (Lair:6)
  A rime drake (IceCv)
  A jumping spider (Spider:2)
  A queen bee (D:8)
  2 trolls
  2 hippogriffs
  A vampire (D:9)
  A redback (Spider:4)
  2 wyverns (Lair:2)
  A steam dragon (D:7)
  4 yaks
  A basilisk (D:8)
  3 water moccasins
  A porcupine (Lair:2)
  3 orc warriors (Orc:2)
  5 ice beasts
  A wolf (Lair:2)
  2 ogres
  3 crocodiles (Lair:6)
  A bullfrog (D:10)
  3 killer bees (D:8)
  An electric eel (D:8)
  A crimson imp (D:5)
  4 orc priests
  3 orc wizards
  A worker ant (D:8)
  A shadow imp (D:8)
  An adder skeleton (D:9)
  A leopard gecko (D:5)
  5 orcs
  A quokka (D:9)
  A ball python (D:5)
  A fungus (Lair:2)
101 creatures vanquished.

Vanquished Creatures (others)
  Nessos (D:14)
  2 deep elf magi (Elf:1)
  2 centaurs
  An orc wizard (Orc:2)
  An orc (Orc:2)
  15 plants
22 creatures vanquished.

Grand Total: 1240 creatures vanquished

Notes
Turn   | Place    | Note
-------+----------+-------------------------------------------
     0 | D:1      | Duffy the Bultungin Fighter began the quest for the Orb.
     0 | D:1      | Reached XP level 1. HP: 20/20 MP: 1/1
     2 | D:1      | Noticed a formicid
     2 | D:1      | Noticed a tengu
     4 | D:1      | Noticed a vine stalker
     4 | D:1      | Noticed a halfling
     6 | D:1      | Noticed a gargoyle
     8 | D:1      | Noticed a demonspawn
     8 | D:1      | Noticed a felid
    10 | D:1      | Noticed an ogre
    10 | D:1      | Noticed a spriggan
    12 | D:1      | Noticed an elf
    12 | D:1      | Noticed a draconian
    14 | D:1      | Noticed a centaur
    18 | D:1      | Noticed a vampire
    18 | D:1      | Noticed a dwarf
    20 | D:1      | Noticed a troll
    20 | D:1      | Noticed a merfolk
    22 | D:1      | Noticed a ghoul
    22 | D:1      | Noticed a demigod
    24 | D:1      | Noticed a human
    24 | D:1      | Noticed a minotaur
    26 | D:1      | Noticed a naga
    26 | D:1      | Noticed an octopode
   319 | D:1      | Reached XP level 2. HP: 26/26 MP: 2/2
  1047 | D:2      | Found a burning altar of Makhleb.
  1050 | D:2      | Reached XP level 3. HP: 28/32 MP: 3/3
  1058 | D:2      | Became a worshipper of Makhleb the Destroyer
  1252 | D:2      | Reached skill level 5 in Armour
  1574 | D:2      | Reached XP level 4. HP: 38/38 MP: 4/4
  1825 | D:2      | Reached * piety under Makhleb
  1914 | D:2      | Reached skill level 5 in Fighting
  1945 | D:2      | Reached skill level 5 in Axes
  1945 | D:2      | Reached skill level 5 in Shields
  1995 | D:3      | Reached XP level 5. HP: 28/44 MP: 5/5
  2125 | D:3      | Found a shimmering altar of Xom.
  2125 | D:3      | Found a shadowy altar of Dithmenos.
  2129 | D:3      | Gained mutation: Your skin changes colour to match your surroundings (Stealth+). [potion of mutation]
  2129 | D:3      | Gained mutation: Your mind is acute. (Int +2) [potion of mutation]
  2129 | D:3      | Lost mutation: Your mind is acute. (Int +2) [potion of mutation]
  2129 | D:3      | Gained mutation: Your muscles are strong. (Str +2) [potion of mutation]
  2134 | D:3      | Noticed a necrophage
  2232 | D:3      | Killed a necrophage
  2232 | D:3      | Reached XP level 6. HP: 35/51 MP: 6/6
  2624 | D:3      | Lost mutation: Your muscles are strong. (Str +2) [potion of mutation]
  2624 | D:3      | Gained mutation: You are weak. (Str -2) [potion of mutation]
  2624 | D:3      | Gained mutation: You are somewhat resistant to further mutation. [potion of mutation]
  2625 | D:3      | Lost mutation: You are somewhat resistant to further mutation. [potion of mutation]
  2625 | D:3      | Lost mutation: You are weak. (Str -2) [potion of mutation]
  2625 | D:3      | Gained mutation: Your spells are a little harder to cast, but a little more powerful. [potion of mutation]
  2625 | D:3      | Gained mutation: Armour fits poorly on your strangely shaped body. [potion of mutation]
  2625 | D:3      | Gained mutation: Your movements are slightly less encumbered by armour. (ER -2) [potion of mutation]
  2846 | D:3      | Noticed Terence
  2852 | D:3      | Killed Terence
  3021 | D:4      | Found a snail-covered altar of Cheibriados.
  3078 | D:4      | Noticed Robin
  3097 | D:4      | Killed Robin
  3275 | D:4      | Found a sand-covered staircase.
  3280 | Ossuary  | Entered an ossuary
  3359 | Ossuary  | Reached ** piety under Makhleb
  3504 | Ossuary  | Reached XP level 7. HP: 50/57 MP: 7/7
  3765 | D:4      | Found Qefusk's Antique Weapon Shop.
  3967 | D:4      | Found a stormy altar of Qazlal.
  4213 | D:5      | Entered Level 5 of the Dungeon
  4234 | D:5      | Found a staircase to the Ecumenical Temple.
  4463 | D:5      | Reached *** piety under Makhleb
  4470 | D:5      | Found a glowing drain.
  4479 | Sewer    | Entered a sewer
  4601 | D:5      | Noticed a two-headed ogre
  4676 | D:5      | Reached XP level 8. HP: 55/66 MP: 8/8
  4907 | D:6      | Found an iron altar of Okawaru.
  4957 | D:6      | Reached skill level 1 in Dodging
  5163 | D:6      | Reached skill level 1 in Invocations
  5167 | D:6      | Reached **** piety under Makhleb
  5822 | D:6      | Reached XP level 9. HP: 66/72 MP: 11/11
  5890 | D:6      | Found a glowing golden altar of the Shining One.
  5914 | D:7      | Found an opulent altar of Gozag.
  6163 | D:7      | Reached skill level 5 in Invocations
  6271 | D:7      | Found a sacrificial altar of Ru.
  6370 | D:7      | Noticed a manticore
  6389 | D:7      | Killed a manticore
  6587 | D:7      | Noticed a death knight
  6849 | D:7      | Reached skill level 5 in Dodging
  7595 | D:7      | Killed a death knight
  7789 | D:5      | Killed a two-headed ogre
  7789 | D:5      | Reached XP level 10. HP: 69/80 MP: 14/14
  8322 | D:8      | Noticed an elephant
  8803 | D:8      | Killed an elephant
  9265 | D:8      | Reached skill level 10 in Axes
  9363 | D:8      | Found a staircase to the Lair.
  9439 | D:8      | Noticed Maurice
  9694 | D:8      | Found a blossoming altar of Fedhas.
  9695 | D:8      | Found a radiant altar of Vehumet.
  9938 | D:8      | Killed Maurice
  9970 | D:9      | Reached XP level 11. HP: 84/87 MP: 15/15
 10878 | D:10     | Entered Level 10 of the Dungeon
 10913 | D:10     | Found Ythrat's Gadget Shop.
 11246 | D:10     | Lost mutation: Your movements are slightly less encumbered by armour. (ER -2) [potion of mutation]
 11246 | D:10     | Lost mutation: Armour fits poorly on your strangely shaped body. [potion of mutation]
 11246 | D:10     | Lost mutation: Your spells are a little harder to cast, but a little more powerful. [potion of mutation]
 11246 | D:10     | Lost mutation: Your skin changes colour to match your surroundings (Stealth+). [potion of mutation]
 11246 | D:10     | Gained mutation: Your spells are a little harder to cast, but a little more powerful. [potion of mutation]
 11246 | D:10     | Gained mutation: You are partially covered in molten scales. (AC +2) [potion of mutation]
 11246 | D:10     | Gained mutation: You are partially covered in yellow scales. (AC +2) [potion of mutation]
 11246 | D:10     | Gained mutation: You have an increased reservoir of magic. (+10% MP) [potion of mutation]
 11724 | D:10     | Noticed Snorg
 11741 | D:10     | Killed Snorg
 12075 | D:10     | Found Ikhlesye's Distillery.
 12128 | D:10     | Bought a potion of heal wounds for 50 gold pieces
 12128 | D:10     | Bought a potion of heal wounds for 50 gold pieces
 12128 | D:10     | Bought a potion of heal wounds for 50 gold pieces
 12128 | D:10     | Bought 2 potions of might for 80 gold pieces
 12413 | Lair:1   | Entered Level 1 of the Lair of Beasts
 12450 | D:8      | Reached skill level 10 in Shields
 12544 | D:8      | Reached skill level 10 in Armour
 12565 | D:8      | Reached skill level 1 in Evocations
 13096 | Lair:1   | Got an encrusted plate armour
 13107 | Lair:1   | Identified the +7 plate armour "Bomnodee" {rPois Dex-2 Stlth+} (You found it on level 1 of the Lair of Beasts)
 13162 | Lair:1   | Reached XP level 12. HP: 72/96 MP: 18/18
 13182 | Lair:1   | Noticed a four-headed hydra
 13194 | Lair:1   | Killed a four-headed hydra
 13194 | Lair:1   | Reached skill level 5 in Evocations
 14083 | Lair:1   | Reached skill level 10 in Fighting
 14083 | Lair:1   | Reached skill level 10 in Dodging
 14167 | Lair:1   | Noticed a death yak
 14167 | Lair:1   | Noticed a death yak
 14172 | Lair:1   | Noticed a death yak
 14175 | Lair:1   | Killed a death yak
 14177 | Lair:1   | Killed a death yak
 14182 | Lair:1   | Killed a death yak
 14713 | Lair:2   | Noticed an eight-headed hydra
 14718 | Lair:2   | Killed an eight-headed hydra
 15024 | Lair:2   | Noticed an eight-headed hydra
 15036 | Lair:2   | Killed an eight-headed hydra
 15228 | Lair:2   | Noticed a death yak
 15229 | Lair:2   | Noticed a death yak
 15229 | Lair:2   | Noticed a death yak
 15230 | Lair:2   | Noticed a death yak
 15258 | Lair:2   | Noticed a death yak
 15268 | Lair:2   | Killed a death yak
 15273 | Lair:2   | Killed a death yak
 15287 | Lair:2   | Killed a death yak
 15296 | Lair:2   | Killed a death yak
 15308 | Lair:2   | Killed a death yak
 15308 | Lair:2   | Reached XP level 13. HP: 92/103 MP: 20/20
 16540 | Lair:4   | Found a staircase to the Shoals.
 17288 | Lair:4   | Found a hole to the Spider Nest.
 17364 | Lair:4   | Found a blossoming altar of Fedhas.
 17459 | Lair:5   | Found a staircase to the Slime Pits.
 18244 | Lair:5   | Reached ***** piety under Makhleb
 18448 | Lair:6   | Entered Level 6 of the Lair of Beasts
 18809 | Lair:6   | Found a frozen archway.
 18818 | IceCv    | Entered an ice cave
 19581 | Lair:6   | Reached XP level 14. HP: 111/111 MP: 22/22
 19814 | Lair:6   | Noticed a dire elephant
 19835 | Lair:6   | Killed a dire elephant
 19863 | Lair:6   | Got a brightly glowing copper amulet
 19865 | Lair:6   | Identified the amulet "Feir" {Reflect rElec rF+ rC+ MR+ SH+3} (You found it on level 6 of the Lair of Beasts)
 19871 | Lair:6   | Got a crude plate armour
 19882 | Lair:6   | Identified the cursed +0 plate armour of an ice cave {*Contam +Fly SInv} (You found it on level 6 of the Lair of Beasts)
 19920 | Lair:6   | Gained mutation: You are clumsy. (Dex -2) [mutagenic glow]
 20952 | Lair:3   | Found a snail-covered altar of Cheibriados.
 21920 | D:11     | Found a staircase to the Orcish Mines.
 22458 | Orc:1    | Entered Level 1 of the Orcish Mines
 22458 | Orc:1    | Noticed an orc warlord
 22528 | D:11     | Killed an orc warlord
 22878 | Orc:1    | Noticed a stone giant
 22901 | Orc:1    | Killed a stone giant
 22968 | Orc:1    | Found a roughly hewn altar of Beogh.
 23130 | Orc:2    | Entered Level 2 of the Orcish Mines
 23174 | Orc:2    | Found a roughly hewn altar of Beogh.
 23501 | Orc:2    | Paralysed by an orc sorcerer for 6 turns
 23525 | Orc:2    | Found a staircase to the Elven Halls.
 23624 | Orc:2    | Reached XP level 15. HP: 84/118 MP: 23/23
 24552 | Orc:2    | Found Hioqih's Gadget Emporium.
 24552 | Orc:2    | Found Conoo's Assorted Antiques.
 24552 | Orc:2    | Found Qiezast's Gadget Shoppe.
 24561 | Orc:2    | Found Ziluam's Antique Weapon Emporium.
 24876 | Orc:2    | Bought a runed war axe for 123 gold pieces
 24877 | Orc:2    | Bought a scroll of magic mapping for 66 gold pieces
 24877 | Orc:2    | Bought a scroll of blinking for 142 gold pieces
 25028 | D:10     | Bought a potion of curing for 30 gold pieces
 25028 | D:10     | Bought a potion of curing for 30 gold pieces
 25028 | D:10     | Bought a potion of curing for 30 gold pieces
 25028 | D:10     | Bought a potion of invisibility for 80 gold pieces
 25028 | D:10     | Bought a potion of mutation for 80 gold pieces
 25167 | D:12     | Noticed Sonja
 25168 | D:12     | Killed Sonja
 25914 | D:13     | Gained mutation: You evolve. [mutagenic meat]
 26062 | D:13     | Found a gate to the Vaults.
 26285 | D:10     | Reached ****** piety under Makhleb
 26873 | D:13     | Found a hazy altar of Hepliaklqana.
 27288 | D:14     | Identified a scroll of acquirement
 27343 | D:14     | Noticed Nessos
 27346 | D:14     | Killed Nessos
 28160 | D:15     | Entered Level 15 of the Dungeon
 28189 | D:15     | Found Xodat's Jewellery Emporium.
 28197 | D:15     | Found a labyrinth entrance.
 28207 | Lab      | Entered a labyrinth
 29025 | Lab      | Lost mutation: Your spells are a little harder to cast, but a little more powerful. [evolution]
 29203 | Lab      | Got a pitted sapphire amulet
 29205 | Lab      | Identified the amulet of Peacruap {Faith Stlth+} (You found it in a labyrinth)
 29871 | D:15     | Reached XP level 16. HP: 126/126 MP: 24/24
 29982 | D:15     | Found a roughly hewn altar of Beogh.
 30503 | D:15     | Bought a +4 ring of evasion for 540 gold pieces
 30772 | Spider:1 | Entered Level 1 of the Spider Nest
 33459 | Spider:4 | Entered Level 4 of the Spider Nest
 33593 | Spider:4 | Reached XP level 17. HP: 127/133 MP: 25/25
 35090 | Spider:4 | Gained mutation: Your muscles are strong. (Str +2) [evolution]
 35090 | Spider:4 | Lost mutation: You evolve. [end of evolution]
 35591 | Spider:4 | Got a gossamer rune of Zot
 35938 | Elf:1    | Entered Level 1 of the Elven Halls
 36939 | Elf:1    | HP: 1/134 [deep elf death mage/vampiric draining (12)]
 36940 | Elf:1    | Killed from afar by a deep elf death mage

Vault maps used:
D:1:      kb_arrival_jail, fountainhead
D:2:      kennysheep_six_static_rooms, old_standard_altar, first_bread
D:3:      gammafunk_temple_overflow_wave, uniq_terence
D:4:      nicolae_overflow_crystal_walls, kennysheep_mini, serial_shops, shop,
          enter_ossuary_5, uniq_robin
D:5:      minmay_temple_entry_trees, portal_sewer_entry_b
D:6:      lemuel_ratsnest, lemuel_doored_altar, okawaru_gym_becter
D:7:      minmay_opposing_rooms, lemuel_crystal_altar,
          nicolae_gozag_cash_rules_everything_around_me
D:8:      minitemple, david_lair_generic, david_nohive_1, minivault_14,
          uniq_maurice
D:10:     serial_shops, shop, shop, uniq_snorg
D:11:     orc_0_dummy
D:12:     hangedman_decor_slide_cut, uniq_sonja
D:13:     david_vaults_5, basic_altar
D:14:     minmay_misc_feat_room, eino_jars, uniq_nessos
D:15:     grunt_enter_depths_snipers, serial_shops, nicolae_shop_stone,
          special_room, lab_entry_generic
Lair:1:   serial_bayou_lagoon_b, wad_woods_river_01
Lair:2:   grunt_megastairs_2
Lair:3:   regret_index_tunnel_blossom, basic_altar, serial_bayou_pond_c,
          columned_hall_lemuel, grunt_forest_large_clearings
Lair:4:   elwin_shoals_entry_rocks, dummy_spider_entry, tgw_fedhas
Lair:5:   nicolae_slime_entry_slimehenge
Lair:6:   grunt_lair_end_beastmaster, portal_ice_cave_entry_pillars_1,
          minmay_lair_oklob_chamber
Spider:2: nicolae_spider_mines_1
Spider:3: hangedman_spider_tarantella_strand
Spider:4: grunt_spider_rune_circles
Orc:1:    basic_altar
Orc:2:    st_orc_mages, nicolae_orc_lost_temple
Elf:1:    minmay_elf_arrival_summoners, minmay_elf_sorcery, nicolae_wwwww
Elf:2:    serial_shops, nicolae_shop_window_shopping,
          nicolae_shop_overgrown_old_shop, shop
Lab:      nicolae_lab_stuck, nicolae_lab_dead_end, nicolae_lab_starburst,
          nicolae_lab_garden, nicolae_lab_hexagon, lab_block, nicolae_lab_arrow
Sewer:    sewer_co_purgy_island
Ossuary:  ossuary_tomb_1
IceCv:    ice_cave_small_dragons

Skill      XL: |  1  2  3  4  5  6  7  8  9 10 11 12 13 14 15 16 17 |
---------------+----------------------------------------------------+-----
Axes           | 4 5 7 8 9 10 11 12 | 12.4
Armour         | 5 6 7 8 9 10 11 12 | 12.4
Fighting       | 5 6 7 8 9 10 11 12 | 12.3
Shields        | 5 6 7 8 9 10 11 12 | 12.2
Dodging        | 3 6 7 9 10 11 | 11.0
Invocations    | 3 6 8 |  8.0
Evocations     | 4 8 |  8.0

Action                   |  1- 3 |  4- 6 |  7- 9 | 10-12 | 13-15 | 16-18 || total
-------------------------+-------+-------+-------+-------+-------+-------++-------
Melee: War axe           |   106 |   201 |   522 |  1005 |  1137 |  1181 ||  4152
       Bite              |    12 |    26 |    61 |   133 |   249 |   132 ||   613
       Broad axe         |       |       |       |       |   987 |       ||   987
       Scimitar          |       |       |       |       |    17 |       ||    17
Invok: Lesser Servant of |       |       |     8 |    30 |    24 |    17 ||    79
       Minor Destruction |       |       |       |       |       |    10 ||    10
Evoke: Wand              |       |       |       |     3 |    14 |     2 ||    19
       Lightning rod     |       |       |       |     4 |     2 |       ||     6
  Use: Scroll            |       |     6 |    11 |    11 |    19 |    10 ||    57
       Potion            |       |     4 |     4 |     5 |     1 |     5 ||    19
 Stab: Distracted        |       |       |       |     1 |     4 |     5 ||    10
       Petrified         |       |       |       |       |    18 |       ||    18
       Petrifying        |       |       |       |       |     2 |       ||     2
  Eat: Chunk             |     2 |     6 |    11 |    17 |    22 |     8 ||    66
       Bread ration      |       |     1 |       |     3 |     1 |       ||     5
       Meat ration       |       |       |       |       |     7 |     4 ||    11
Armor: Scale mail        |    56 |    13 |       |       |       |       ||    69
       Chain mail        |       |    76 |    15 |       |       |       ||    91
       Plate armour      |       |       |   259 |   383 |  1109 |   635 ||  2386
       Skin              |       |       |    12 |       |       |       ||    12
Dodge: Dodged            |    33 |    38 |    89 |   198 |   498 |   467 ||  1323
       Deflected         |       |       |       |       |     2 |    11 ||    13
Block: Shield            |    80 |   104 |   238 |       |       |       ||   422
       Large shield      |       |       |   117 |  1099 |  3154 |  2108 ||  6478
       Reflection        |       |       |       |       |    54 |    34 ||    88
       Rpst.: Scimitar   |       |       |       |       |     1 |       ||     1
